 Dungeon Crawl Stone Soup version 0.29-a0-96-g93358da72b (webtiles) character file.

Game seed: 9916070074352210774

151 Grim the Slasher (level 5, -6/45 HPs)
             Began as a Minotaur Fighter on Feb 12, 2022.
             Killed from afar by Blork the orc (7 damage)
             ... with a magic dart
             ... on level 4 of the Dungeon.
             The game lasted 00:03:03 (2584 turns).

Grim the Slasher (Minotaur Fighter)                 Turns: 2584, Time: 00:03:04

Health: -6/45      AC:  9    Str: 21    XL:     5   Next: 11%
Magic:  4/4        EV:  7    Int:  7    God:
Gold:   126        SH:  4    Dex:  9    Spells: 4/4 levels left

rFire   . . .      SeeInvis .   a - +0 long sword
rCold   . . .      Faith    .   c - +0 buckler
rNeg    . . .      Spirit   .   r - +0 chain mail
rPois   .          Reflect  .   d - +0 hat
rElec   .          Harm     .   (no cloak)
rCorr   .          Rampage  .   (no gloves)
Will    .....                   (no boots)
Stlth   ..........              (no amulet)
HPRegen 0.15/turn               (no ring)
MPRegen 0.09/turn               (no ring)

@: mighty
A: horns 2, retaliatory headbutt
a: no special abilities


You were on level 4 of the Dungeon.
You visited 1 branch of the dungeon, and saw 4 of its levels.

You collected 126 gold pieces.

Inventory:

Hand Weapons
 a - a +0 long sword (weapon)
Missiles
 j - 3 boomerangs (quivered)
Armour
 b - a +0 scale mail
 c - a +0 buckler (worn)
 d - a +0 hat (worn)
 r - a +0 chain mail (worn)
Scrolls
 g - 2 scrolls of vulnerability {unknown}
 h - a scroll of amnesia {unknown}
 i - a scroll of fear {unknown}
 l - 2 scrolls of magic mapping {unknown}
 p - a scroll of blinking {unknown}
 q - a scroll of identify {unknown}
Potions
 e - 3 potions of heal wounds
 f - 2 potions of degeneration {unknown}
 k - 2 potions of mutation {unknown}
 m - a potion of curing {unknown}
 n - a potion of attraction {unknown}
 o - 3 potions of might


   Skills:
 - Level 3.6 Fighting
 + Level 6.5 Long Blades
 - Level 3.6 Armour
 - Level 3.6 Shields


You had 4 spell levels left.
You didn't know any spells.
Your spell library was empty.

Dungeon Overview and Level Annotations

Branches:
Dungeon (4/15)
 Temple: D:4-7

Altars:

Annotations:
D:4 Blork the orc


Innate Abilities, Weirdness & Mutations

You have a pair of horns on your head.
You reflexively headbutt those who attack you in melee.


Message History

You kill the ball python!
Found 6 gold pieces.
An adder comes into view.
You see here 2 potions of might.
The adder hisses angrily.
Blork the orc hits you from afar with a +0 halberd.
Blork the orc hits you with a +0 halberd!
Blork the orc points at you and mumbles some strange words.
The puff of frost hits you but does no damage.
A hobgoblin comes into view.
You hit Blork the orc.
Blork the orc is lightly wounded.
Blork the orc barely misses you.
You barely miss Blork the orc.
Blork the orc is lightly wounded.
Blork the orc closely misses you.
Blork the orc hits you with a +0 halberd!
* * * LOW HITPOINT WARNING * * *
You block the adder's attack.
You feel very mighty all of a sudden. Blork the orc casts a spell at you.
The magic dart hits you!
* * * LOW HITPOINT WARNING * * *
The adder bites you but does no damage.
You feel much better.
Blork the orc gestures at you while chanting.
The puff of frost misses you. The adder bites you but does no damage.
Blork the orc hits you with a +0 halberd!
* * * LOW HITPOINT WARNING * * *
Unknown command.
Blork the orc casts a spell at you. The puff of frost hits you!
* * * LOW HITPOINT WARNING * * *
The adder bites you but does no damage.
Blork the orc screams, "I'll break your arms!"
Blork the orc casts a cantrip, but nothing happens.
You see here 2 potions of might.
Blork the orc casts a spell at you. The magic dart hits you!
You die...

...........## ..
..$.........##..
#.........##......
#..?.............#
.#.....g.....# ...
.......o...###..#
.........S.#.#..#
#........!......#
####......@>.#..#
#.........<...#
#.............##
..............##
............#...
.....#.....###..
....#....## ... ..
#....# ## ...(.


You could see Blork the orc (fast), an adder and a hobgoblin.

Vanquished Creatures
  Jessica (D:2)
  Terence (D:3)
  Robin (D:2)
  An adder (D:3)
  A worm (D:2)
  2 dart slugs (D:2)
  6 orcs
  6 ball pythons
  2 endoplasms (D:1)
  12 goblins
  9 hobgoblins
  A quokka (D:2)
  8 bats
  2 frilled lizards
  5 kobolds
  A quokka skeleton (D:2)
  9 rats
68 creatures vanquished.

Notes
Turn   | Place    | Note
-------+----------+-------------------------------------------
     0 | D:1      | Grim the Minotaur Fighter began the quest for the Orb.
     0 | D:1      | Reached XP level 1. HP: 19/19 MP: 0/0
   126 | D:1      | Reached skill level 3 in Long Blades
   289 | D:1      | Reached XP level 2. HP: 26/26 MP: 1/1
   796 | D:2      | Reached skill level 4 in Long Blades
   814 | D:2      | Reached XP level 3. HP: 17/31 MP: 2/2
  1089 | D:2      | Identified the +2 hunting sling of Saltpetre {venom, MP+9}
  1284 | D:2      | Reached skill level 5 in Long Blades
  1365 | D:2      | Noticed Jessica
  1369 | D:2      | Killed Jessica
  1370 | D:2      | Reached XP level 4. HP: 39/39 MP: 3/3
  1415 | D:2      | Noticed Robin
  1420 | D:2      | Killed Robin
  1746 | D:3      | Noticed Terence
  1753 | D:3      | Killed Terence
  1754 | D:3      | Reached skill level 6 in Long Blades
  1970 | D:3      | Reached XP level 5. HP: 45/45 MP: 4/4
  2573 | D:4      | Noticed Blork the orc
  2582 | D:4      | HP: 1/45 [Blork the orc/puff of frost (12)]
  2584 | D:4      | Killed from afar by Blork the orc

Illustrated notes

Levels and vault maps discovered:
D:1:      ebering_trefoil_3fold, layout_basic, serial_bayou_pond_e,
          minmay_box_of_dots
D:2:      layout_rooms, grunt_decor_arrowhead, guppyfry_early_orc_mine,
          uniq_robin, uniq_jessica
D:3:      layout_loops_ring, minmay_hedge_maze, grunt_decor_resistance,
          minmay_cut_off, uniq_terence
D:4:      layout_cave_pools, lightli_ossuary_entry_decrepit_ruins,
          wad_woods_river_04, uniq_ijyb, uniq_blork_the_orc

Skill      XL: |  1  2  3  4 |
---------------+-------------+-----
Long Blades    | 3 4 5 6 |  6.5
Fighting       | |  3.6
Armour         | |  3.6
Shields        | |  3.6

Action                   |  1- 3 |  4- 6 || total
-------------------------+-------+-------++-------
Melee: Long sword        |    96 |    47 ||   143
       Headbutt          |    15 |     7 ||    22
  Use: Potion            |     1 |     2 ||     3
Armor: Scale mail        |    44 |    15 ||    59
       Chain mail        |       |     4 ||     4
Dodge: Dodged            |    34 |    19 ||    53
Block: Buckler           |    28 |     6 ||    34

Table legend: (Time is in decaauts)
 A = Elapsed time spent in this place.
 B = Non-inter-level travel time spent in this place.
 C = Inter-level travel time spent in this place.
 D = Time resting spent in this place.
 E = Time spent auto-exploring this place.
 F = Levels seen in this place.
 G = Mean time per level.
                   A        B        C        D        E       F      G
               +--------+--------+--------+--------+--------+-----+--------+
         Total |   2614 |   2568 |     46 |    234 |   1895 |   4 |  653.5 |
       Dungeon |   2614 |   2568 |     46 |    234 |   1895 |   4 |  653.5 |
               +--------+--------+--------+--------+--------+-----+--------+

Top non-repeatable levels by time:
     D:2: 931 daAuts
     D:3: 864 daAuts
     D:1: 805 daAuts
     D:4: 13 daAuts
